3AAA
PURE MICHIGAN GREAT LAKERS @ SCRANTON SUPERNOVAS
09/01/2023
 
TOP OF THE 1ST
Pure Michigan Great Lakers batting - Pitching for Scranton Supernovas : LHP Randy Hoffman
Pitching: LHP Randy Hoffman
Batting: RHB Harry Fuller 0-0: Ball
1-0: Bunted foul
1-1: Fly out, F6 (Line Drive, 6M)
Batting: RHB Zong-yuan Fung 0-0: Foul Ball, location: 2F
0-1: SINGLE (Groundball, 15S) (infield hit)
Batting: LHB Mario Cruz 0-0: Ball
1-0: Fly out, F7 (Flyball, 7D)
Batting: LHB Gustavo Cortéz 0-0: Ball
1-0: Ball
2-0: Fly out, F1 (Popup, 13)
Top of the 1st over - 0 run(s), 1 hit(s), 0 error(s), 1 left on base; Pure Michigan 0 - Scranton 0
BOTTOM OF THE 1ST
Scranton Supernovas batting - Pitching for Pure Michigan Great Lakers : RHP Javier Dávila
Pitching: RHP Javier Dávila
Batting: RHB Keith MacKey 0-0: Hit by Pitch
Batting: LHB Francisco Ortega 0-0: Called Strike
0-1: Ball
1-1: Foul Ball, location: 2F
1-2: DOUBLE (Flyball, 9LM)
Keith MacKey to third
Batting: RHB Brad Jacobson 0-0: Called Strike
0-1: Called Strike
0-2: Ball
1-2: Strikes out looking
Batting: RHB Martín Álvarez 0-0: Ball
1-0: Ball
2-0: Ball
3-0: Foul Ball, location: 2F
3-1: Swinging Strike
3-2: Strikes out swinging
Batting: RHB Ethan Stanford 0-0: Called Strike
0-1: Fly out, F9 (Line Drive, 9S)
Bottom of the 1st over - 0 run(s), 1 hit(s), 0 error(s), 2 left on base; Pure Michigan 0 - Scranton 0
TOP OF THE 2ND
Pure Michigan Great Lakers batting - Pitching for Scranton Supernovas : LHP Randy Hoffman
Batting: RHB Jeffery Campbell 0-0: Called Strike
0-1: Ball
1-1: DOUBLE (Line Drive, 8RM)
Batting: LHB Sean Angwin 0-0: Called Strike
0-1: Ball
1-1: Foul Ball, location: 2F
1-2: Foul Ball, location: 2F
1-2: Ball
2-2: Ground out 4-3 (Groundball, 4M)
Jeffery Campbell to third
Batting: RHB Yoshiyuki Sasaki 0-0: Foul Ball, location: 2F
0-1: Foul Ball, location: 2F
0-2: DOUBLE (Line Drive, 89D)
Jeffery Campbell scores
Batting: RHB Dani Trejo 0-0: Foul Ball, location: 2F
0-1: Ball
1-1: SINGLE (Groundball, 5)
Yoshiyuki Sasaki to third
Batting: RHB Lorenzo Sabastro 0-0: Swinging Strike
0-1: Ball
1-1: Fielders Choice at 2nd, 5-4 (Groundball, 5L)
Yoshiyuki Sasaki scores
Batting: RHB Harry Fuller 0-0: Fly out, F7 (Flyball, 78D)
Top of the 2nd over - 2 run(s), 3 hit(s), 0 error(s), 1 left on base; Pure Michigan 2 - Scranton 0
BOTTOM OF THE 2ND
Scranton Supernovas batting - Pitching for Pure Michigan Great Lakers : RHP Javier Dávila
Batting: LHB Neal Hart 0-0: Called Strike
0-1: Ball
1-1: Foul Ball, location: 2F
1-2: Ball
2-2: Strikes out swinging
Batting: RHB Jerome Wilson 0-0: Called Strike
0-1: Called Strike
0-2: Foul Ball, location: 2F
0-2: Strikes out swinging
Batting: RHB Sergio Canales 0-0: Called Strike
0-1: Ball
1-1: Ball
2-1: Ball
3-1: Base on Balls
Batting: SHB Neil Nash 0-0: Ball
Wild Pitch!
Sergio Canales to second
1-0: Swinging Strike
1-1: Foul Ball, location: 2F
1-2: Fly out, F9 (Line Drive, 9D)
Bottom of the 2nd over - 0 run(s), 0 hit(s), 0 error(s), 1 left on base; Pure Michigan 2 - Scranton 0
TOP OF THE 3RD
Pure Michigan Great Lakers batting - Pitching for Scranton Supernovas : LHP Randy Hoffman
Batting: RHB Zong-yuan Fung 0-0: Called Strike
0-1: Ball
1-1: Ball
2-1: Called Strike
2-2: Ball
3-2: Strikes out swinging
Batting: LHB Mario Cruz 0-0: Swinging Strike
0-1: Ball
1-1: Foul Ball, location: 2F
1-2: Foul Ball, location: 2F
1-2: Foul Ball, location: 2F
1-2: Ball
2-2: Ball
3-2: Foul Ball, location: 2F
3-2: Strikes out looking
Batting: LHB Gustavo Cortéz 0-0: Ball
1-0: Called Strike
1-1: SINGLE (Groundball, 34S)
Batting: RHB Jeffery Campbell 0-0: Called Strike
0-1: Ball
1-1: Ball
2-1: Foul Ball, location: 2F
2-2: Ball
3-2: Strikes out swinging
Top of the 3rd over - 0 run(s), 1 hit(s), 0 error(s), 1 left on base; Pure Michigan 2 - Scranton 0
BOTTOM OF THE 3RD
Scranton Supernovas batting - Pitching for Pure Michigan Great Lakers : RHP Javier Dávila
Batting: RHB Keith MacKey 0-0: Ball
1-0: Foul Ball, location: 2F
1-1: Ball
2-1: Swinging Strike
2-2: Ball
3-2: SINGLE (Line Drive, 89M)
Batting: LHB Francisco Ortega 0-0: Ball
1-0: Grounds out, U3 (Groundball, 3L)
Batting: RHB Brad Jacobson 0-0: Called Strike
0-1: Called Strike
0-2: Strikes out swinging
Batting: RHB Martín Álvarez 0-0: Ball
1-0: Swinging Strike
1-1: Called Strike
1-2: Strikes out looking
Bottom of the 3rd over - 0 run(s), 1 hit(s), 0 error(s), 1 left on base; Pure Michigan 2 - Scranton 0
TOP OF THE 4TH
Pure Michigan Great Lakers batting - Pitching for Scranton Supernovas : LHP Randy Hoffman
Batting: LHB Sean Angwin 0-0: Ball
1-0: Swinging Strike
1-1: Called Strike
1-2: Strikes out swinging
Batting: RHB Yoshiyuki Sasaki 0-0: Foul Ball, location: 2F
0-1: Foul Ball, location: 2F
0-2: Ball
1-2: Fly out, F9 (Flyball, 89S)
Batting: RHB Dani Trejo 0-0: Called Strike
0-1: Swinging Strike
0-2: Ball
1-2: Strikes out swinging
Top of the 4th over - 0 run(s), 0 hit(s), 0 error(s), 0 left on base; Pure Michigan 2 - Scranton 0
BOTTOM OF THE 4TH
Scranton Supernovas batting - Pitching for Pure Michigan Great Lakers : RHP Javier Dávila
Batting: RHB Ethan Stanford 0-0: Foul Ball, location: 2F
0-1: Ball
1-1: Called Strike
1-2: Strikes out swinging
Batting: LHB Neal Hart 0-0: Ball
1-0: Ground out 6-3 (Groundball, 6)
Batting: RHB Jerome Wilson 0-0: Foul Ball, location: 2F
0-1: Ball
1-1: Ball
2-1: Ground out 5-3 (Groundball, 5)
Bottom of the 4th over - 0 run(s), 0 hit(s), 0 error(s), 0 left on base; Pure Michigan 2 - Scranton 0
TOP OF THE 5TH
Pure Michigan Great Lakers batting - Pitching for Scranton Supernovas : LHP Randy Hoffman
Batting: RHB Lorenzo Sabastro 0-0: Ball
1-0: Called Strike
1-1: Ball
2-1: Called Strike
2-2: Strikes out swinging
Batting: RHB Harry Fuller 0-0: Ball
1-0: Called Strike
1-1: Foul Ball, location: 2F
1-2: Ball
2-2: Fly out, F8 (Line Drive, 8LS)
Batting: RHB Zong-yuan Fung 0-0: Called Strike
0-1: Ball
1-1: Fly out, F6 (Popup, 5D)
Top of the 5th over - 0 run(s), 0 hit(s), 0 error(s), 0 left on base; Pure Michigan 2 - Scranton 0
BOTTOM OF THE 5TH
Scranton Supernovas batting - Pitching for Pure Michigan Great Lakers : RHP Javier Dávila
Batting: RHB Sergio Canales 0-0: Ball
1-0: Swinging Strike
1-1: Ball
2-1: Ground out 5-3 (Groundball, 5L)
Batting: SHB Neil Nash 0-0: Ball
1-0: Called Strike
1-1: Swinging Strike
1-2: Ball
2-2: Fly out, F9 (Line Drive, 9M)
Batting: RHB Keith MacKey 0-0: Called Strike
0-1: Ball
1-1: Swinging Strike
1-2: Ball
2-2: Foul Ball, location: 2F
2-2: Foul Ball, location: 2F
2-2: Ball
3-2: Ground out 6-3 (Groundball, 6M)
Bottom of the 5th over - 0 run(s), 0 hit(s), 0 error(s), 0 left on base; Pure Michigan 2 - Scranton 0
TOP OF THE 6TH
Pure Michigan Great Lakers batting - Pitching for Scranton Supernovas : LHP Randy Hoffman
Batting: LHB Mario Cruz 0-0: Called Strike
0-1: Ground out 4-3 (Groundball, 4)
Batting: LHB Gustavo Cortéz 0-0: Called Strike
0-1: Ball
1-1: Hit by Pitch
Batting: RHB Jeffery Campbell 0-0: Called Strike
0-1: Ball
1-1: Ball
2-1: SINGLE (Line Drive, 89M)
Gustavo Cortéz to second
Batting: LHB Sean Angwin 0-0: Ball
1-0: Called Strike
1-1: Fly out, F7 (Line Drive, 7S)
Batting: RHB Yoshiyuki Sasaki 0-0: Called Strike
0-1: Swinging Strike
0-2: Ball
1-2: Ball
2-2: Strikes out swinging
Top of the 6th over - 0 run(s), 1 hit(s), 0 error(s), 2 left on base; Pure Michigan 2 - Scranton 0
BOTTOM OF THE 6TH
Scranton Supernovas batting - Pitching for Pure Michigan Great Lakers : RHP Javier Dávila
Batting: LHB Francisco Ortega 0-0: Ball
1-0: Fly out, F9 (Flyball, 8RM)
Batting: RHB Brad Jacobson 0-0: Ball
1-0: Ball
2-0: Ball
3-0: Base on Balls
Batting: RHB Martín Álvarez 0-0: Ball
1-0: Called Strike
1-1: Swinging Strike
1-2: Ball
2-2: SINGLE (Line Drive, 5D)
Brad Jacobson to second
Batting: RHB Ethan Stanford 0-0: Ball
Wild Pitch!
Brad Jacobson to third
Martín Álvarez to second
1-0: SINGLE (Line Drive, 6MD)
Brad Jacobson scores
Martín Álvarez to third
Batting: LHB Neal Hart 0-0: Ball
1-0: Foul Ball, location: 2F
1-1: Ball
2-1: DOUBLE (Line Drive, 9LS)
Martín Álvarez scores
Ethan Stanford to third
Batting: RHB Jerome Wilson 0-0: Called Strike
0-1: Ball
1-1: Ball
2-1: Ball
3-1: SINGLE (Line Drive, 6M)
Ethan Stanford scores
Neal Hart to third
Runner from 3rd tries for Home, throw and OUT!
Jerome Wilson to second
Batting: RHB Sergio Canales 0-0: SINGLE (Flyball, 8LM)
Jerome Wilson to third
Runner from 3rd tries for Home, SAFE, throw made home
Sergio Canales to second
Batting: SHB Neil Nash 0-0: Ball
1-0: Ball
2-0: Ball
3-0: Base on Balls
Batting: RHB Keith MacKey 0-0: Ground out 5-3 (Groundball, 5L)
Bottom of the 6th over - 4 run(s), 5 hit(s), 0 error(s), 2 left on base; Pure Michigan 2 - Scranton 4
TOP OF THE 7TH
Pure Michigan Great Lakers batting - Pitching for Scranton Supernovas : LHP Randy Hoffman
Batting: RHB Dani Trejo 0-0: Called Strike
0-1: Foul Ball, location: 2F
0-2: Ball
1-2: Fly out, F3 (Popup, 3SF)
Batting: RHB Lorenzo Sabastro 0-0: Called Strike
0-1: Ball
1-1: Ball
2-1: Swinging Strike
2-2: Ball
3-2: Foul Ball, location: 2F
3-2: Base on Balls
Batting: RHB Harry Fuller 0-0: Called Strike
0-1: Ball
1-1: Foul Ball, location: 2F
1-2: Strikes out swinging
Batting: RHB Zong-yuan Fung 0-0: Foul Ball, location: 2F
0-1: Called Strike
0-2: SINGLE (Flyball, 4MD)
Lorenzo Sabastro to second
Pinch Hitting: SHB Virgil Eberle 0-0: Ball
1-0: DOUBLE (Popup, 6D)
Lorenzo Sabastro scores
Zong-yuan Fung to third
Batting: LHB Gustavo Cortéz 0-0: Called Strike
0-1: Fly out, F9 (Flyball, 9LD)
Top of the 7th over - 1 run(s), 2 hit(s), 0 error(s), 2 left on base; Pure Michigan 3 - Scranton 4
BOTTOM OF THE 7TH
Scranton Supernovas batting - Pitching for Pure Michigan Great Lakers : RHP Javier Dávila
Now at 1B: Virgil Eberle
Batting: LHB Francisco Ortega 0-0: Ground out 4-3 (Groundball, 4)
Batting: RHB Brad Jacobson 0-0: Called Strike
0-1: Ball
1-1: Ball
2-1: Ball
3-1: Foul Ball, location: 2F
3-2: Strikes out swinging
Batting: RHB Martín Álvarez 0-0: Called Strike
0-1: Foul Ball, location: 2F
0-2: DOUBLE (Flyball, 78XD)
Pitching: RHP Jim Unknown
Batting: RHB Ethan Stanford 0-0: Ball
1-0: Ball
2-0: Called Strike
2-1: Foul Ball, location: 2F
2-2: Foul Ball, location: 2F
2-2: Strikes out swinging
Bottom of the 7th over - 0 run(s), 1 hit(s), 0 error(s), 1 left on base; Pure Michigan 3 - Scranton 4
TOP OF THE 8TH
Pure Michigan Great Lakers batting - Pitching for Scranton Supernovas : LHP Randy Hoffman
Now at C: Steven Johnson
Now at SS: Phil Fleming
Now in LF: Bob Ethridge
Batting: RHB Jeffery Campbell 0-0: Called Strike
0-1: Foul Ball, location: 2F
0-2: Ground out 5-3 (Groundball, 56S)
Pitching: LHP José Sandoval
Batting: LHB Sean Angwin 0-0: Swinging Strike
0-1: Called Strike
0-2: Strikes out looking
Pitching: RHP Iván Cordero
Batting: RHB Yoshiyuki Sasaki 0-0: Called Strike
0-1: Ball
1-1: Ball
2-1: Called Strike
2-2: Ball
3-2: Foul Ball, location: 2F
3-2: Base on Balls
Batting: RHB Dani Trejo 0-0: Called Strike
0-1: Foul Ball, location: 2F
0-2: Strikes out swinging
Top of the 8th over - 0 run(s), 0 hit(s), 0 error(s), 1 left on base; Pure Michigan 3 - Scranton 4
BOTTOM OF THE 8TH
Scranton Supernovas batting - Pitching for Pure Michigan Great Lakers : RHP Jim Unknown
Batting: LHB Neal Hart 0-0: Ball
1-0: Ball
2-0: Swinging Strike
2-1: Ball
3-1: Base on Balls
Batting: RHB Jerome Wilson 0-0: Ball
1-0: Bunted foul
1-1: Sac Bunt - play at first, batter OUT! 1-4
Neal Hart to second
Batting: RHB Sergio Canales 0-0: Called Strike
0-1: Ball
1-1: Ball
2-1: Ground out 4-3 (Groundball, 4)
Neal Hart to third
Batting: SHB Neil Nash 0-0: Ball
1-0: Ball
2-0: SINGLE (Line Drive, 7S)
Neal Hart scores
Batting: RHB Keith MacKey 0-0: Ball
1-0: SINGLE (Groundball, 6MD)
Neil Nash to second
Runner from 2nd tries for 3rd, SAFE, throw made to third
Batting: LHB Francisco Ortega 0-0: SINGLE (Groundball, 34D)
Neil Nash scores
Keith MacKey to second
Runner from 2nd tries for 3rd, SAFE, no throw or cutoff
Batting: LHB Steven Johnson 0-0: Swinging Strike
0-1: Foul Ball, location: 2F
0-2: Foul Ball, location: 2F
0-2: Ball
1-2: Strikes out swinging
Bottom of the 8th over - 2 run(s), 3 hit(s), 0 error(s), 2 left on base; Pure Michigan 3 - Scranton 6
TOP OF THE 9TH
Pure Michigan Great Lakers batting - Pitching for Scranton Supernovas : RHP Iván Cordero
Pitching: LHP Raúl Melro
Now at 3B: Chris Henderson
Batting: RHB Lorenzo Sabastro 0-0: Called Strike
0-1: Ground out 6-3 (Groundball, 6)
Batting: RHB Harry Fuller 0-0: Foul Ball, location: 2F
0-1: Ball
1-1: Foul Ball, location: 2F
1-2: Strikes out swinging
Batting: RHB Zong-yuan Fung 0-0: Ball
1-0: Ball
2-0: Fly out, F6 (Popup, 4M)
Top of the 9th over - 0 run(s), 0 hit(s), 0 error(s), 0 left on base; Pure Michigan 3 - Scranton 6
This league is powered by Out of the Park Baseball, the baseball management simulation game for PC, Mac and Linux
Friday, July 8th, 2016 - OOTP Baseball 16.9 Build 39